 Dungeon Crawl Stone Soup version 0.18.1-8-gdd0e5ea (webtiles) character file.

60 Guinours the Ducker (level 3, -1/15 HPs)
             Began as a Felid Transmuter on May 25, 2016.
             Was an Initiate of Cheibriados.
             Slain by a worm (12 damage)
             ... on level 3 of the Dungeon.
             The game lasted 00:09:59 (2090 turns).

Guinours the Ducker (Felid Transmuter)              Turns: 2090, Time: 00:10:00

Health: -1/15      AC:  1    Str:  8    XL:     3   Next: 82%
Magic:  6/7        EV: 19    Int: 15    God:    Cheibriados [......]
Gold:   148        SH:  0    Dex: 17    Spells: 1 memorised, 5 levels left
                                        Lives:  0   Deaths: 1

rFire  . . .     SeeInvis +       - Unarmed
rCold  . . .     Gourm    .     (armour unavailable)
rNeg   . . .     Faith    .     (shield unavailable)
rPois  .         Spirit   .     (helmet unavailable)
rElec  .         Dismiss  .     (cloak unavailable)
rCorr  .         Reflect  .     (gloves unavailable)
SustAt .         Harm     .     (boots unavailable)
MR     .....                    (no amulet)
Stlth  +++.......               (no ring)
                                (no ring)

@: very slightly contaminated, slow, not resistant to hostile enchantments,
fairly stealthy
A: no armour, no weapons or thrown items, claws 1, fangs 3, see invisible,
carnivore 3, speed 1, shaggy fur 1, slow metabolism 1, sharp paws
a: Bend Time, Renounce Religion


You were on level 3 of the Dungeon.
You worshipped Cheibriados.
Cheibriados was noncommittal.
You were not hungry.

You visited 1 branch of the dungeon, and saw 3 of its levels.

You collected 148 gold pieces.

Inventory:

Missiles
 a - 33 arrows
Wands
 k - a wand of polymorph (19/24)
Scrolls
 f - 2 scrolls of magic mapping
 h - 2 scrolls of fog
 m - a scroll of remove curse
Potions
 d - 2 potions of curing {unknown}
 e - a potion of agility {unknown}
 g - a potion of invisibility {unknown}
 j - a potion of might {unknown}
Books
 b - a book of Changes

   Spells                             Type                      Level
   a - Beastly Appendage              Transmutation                1
   b - Sticks to Snakes               Transmutation                2
   c - Spider Form                    Transmutation/Poison         3
   d - Ice Form                       Ice/Transmutation            4
   e - Blade Hands                    Transmutation                5
Comestibles
 c - 3 meat rations
 i - a royal jelly


   Skills:
 + Level 1.4 Fighting
 * Level 3.9 Dodging
 + Level 2.4 Stealth
 * Level 3.7 Unarmed Combat
 + Level 2.3 Spellcasting
 * Level 3.1 Transmutations


You had 5 spell levels left.
You knew the following spells:

 Your Spells              Type           Power        Failure   Level  Hunger
a - Beastly Appendage     Trmt           ##....       8%          1    #......


Dungeon Overview and Level Annotations

Branches:
Dungeon (3/15)

Altars:
Cheibriados


Innate Abilities, Weirdness & Mutations

You cannot wear armour.
You are incapable of wielding weapons or throwing items.
You have sharp claws.
You have razor-sharp teeth.
You have supernaturally acute eyesight.
You are carnivorous and can eat meat at any time.
You cover ground quickly.
You are covered in fur (AC +1).
You have a slow metabolism.
Your sharp claws are effective at attacking unaware monsters.


Message History

The kobold closely misses you.
You closely miss the kobold.
The kobold is heavily wounded.
The kobold hits you.
You scratch the kobold.
You kill the kobold!
Cheibriados appreciates the change of pace.
You barely miss the orc. The orc hits you with a hand axe.
You scratch the orc.
The orc is severely wounded.
You scratch the orc but do no damage.
The orc is severely wounded.
The orc misses you.
You scratch the orc.
You kill the orc!
Cheibriados appreciates the change of pace.
The hobgoblin misses you. The worm bites you!
Ouch! That really hurt!
You die...

.........##...
.........##..#
.........'...#
.........##..#
.........##..#
.........##..#
+..w...#..#
#..#@#g#..######
##.........))).#
#.#.#.#..)######
#........#...)....##
#..................#
#........#.#.####..###
#........#...........#
#........###.####..#.##
#........#.............


You could see a worm and a hobgoblin.

Vanquished Creatures
  An orc priest (D:3)
  4 gnolls (D:3)
  2 adders (D:2)
  An ooze (D:2)
  A dart slug (D:1)
  A worm (D:2)
  2 orcs (D:3)
  A bat (D:1)
  2 goblins
  4 hobgoblins (D:1)
  A jackal (D:1)
  3 ball pythons
  2 giant newts
  3 kobolds
  2 rats (D:2)
30 creatures vanquished.

Notes
Turn   | Place    | Note
--------------------------------------------------------------
     0 | D:1      | Guinours the Felid Transmuter began the quest for the Orb.
     0 | D:1      | Reached XP level 1. HP: 9/9 MP: 4/4
   458 | D:1      | Reached XP level 2. HP: 9/12 MP: 4/6
  1353 | D:2      | Reached XP level 3. HP: 14/15 MP: 5/7
  1373 | D:2      | Reached skill level 1 in Stealth
  1935 | D:2      | Found a snail-covered altar of Cheibriados.
  1943 | D:2      | Became a worshipper of Cheibriados the Contemplative
  2048 | D:3      | Reached XP level 4. HP: 19/19 MP: 8/8
  2059 | D:3      | Slain by an orc
  2060 | D:3      | Reached XP level 3. HP: -1/15 MP: 7/7
  2090 | D:3      | Slain by a worm

Skill      XL: |  1  2  3  4 |
---------------+-------------+-----
Dodging        | 3 |  3.9
Stealth        | 1 2 |  2.4
Transmutations | 3 |  3.1
Fighting       | |  1.4
Unarmed Combat | |  3.7
Spellcasting   | |  2.3

Action                   |  1- 3 |  4- 6 || total
-------------------------+-------+-------++-------
Melee: Unarmed           |    72 |    10 ||    82
       Headbutt          |     9 |     1 ||    10
       Bite              |     5 |     2 ||     7
       Punch             |     1 |       ||     1
 Cast: Beastly Appendage |    19 |       ||    19
  Use: Scroll            |     7 |       ||     7
 Stab: Sleeping          |     1 |       ||     1
  Eat: Chunk             |     6 |       ||     6
Dodge: Dodged            |    46 |     4 ||    50
